 Dungeon Crawl Stone Soup version 0.28-a0-730-g892d06dc2c (webtiles) character file.

Game seed: 6517579839745957732

101 hypoxyphilia the Grave Robber (level 4, -1/30 HPs)
             Began as a Vampire Necromancer on Oct 28, 2021.
             Slain by a river rat (8 damage)
             ... in a sewer on Oct 29, 2021.
             The game lasted 00:21:44 (2787 turns).

hypoxyphilia the Grave Robber (Vampire Necromancer) Turns: 2787, Time: 00:21:44

Health: -1/30      AC:  2    Str:  7    XL:     4   Next: 48%
Magic:  0/8        EV: 12    Int: 18    God:
Gold:   172        SH:  0    Dex: 14    Spells: 4/9 levels left

rFire   . . .      SeeInvis +   b - +0 dagger
rCold   . . .      Faith    .   (no shield)
rNeg    . . .      Spirit   +   a - +0 robe
rPois   .          Reflect  .   (no helmet)
rElec   .          Harm     .   (no cloak)
rCorr   .          Rampage  .   (no gloves)
Will    .....                   (no boots)
Stlth   ++........              k - amulet of guardian spirit
HPRegen 0.30/turn               (no ring)
MPRegen 0.11/turn               (no ring)

@: healing quickly
A: alive, fangs 3, see invisible, vampiric 2
a: Exsanguinate


You were in a sewer.
You visited 1 branch of the dungeon, and saw 3 of its levels.
You also visited: Sewer.

You collected 172 gold pieces.

Inventory:

Hand Weapons
 b - a +0 dagger (weapon)
Armour
 a - a +0 robe (worn)
Jewellery
 k - an amulet of guardian spirit (around neck)
Scrolls
 c - 2 scrolls of vulnerability {unknown}
 f - a scroll of acquirement {unknown}
 l - a scroll of enchant armour {unknown}
Potions
 d - 3 potions of mutation {unknown}
 e - a potion of berserk rage {unknown}
 g - a potion of lignification {unknown}
 h - a potion of heal wounds {unknown}
 i - a potion of brilliance {unknown}
 j - a potion of might {unknown}
 m - a potion of curing {unknown}


   Skills:
 - Level 2.2 Dodging
 + Level 3.0 Stealth
 + Level 3.0 Spellcasting
 * Level 5.9 Necromancy


You had 4 spell levels left.
You knew the following spells:

 Your Spells              Type           Power      Damage    Failure   Level
a - Pain                  Necr           96%        1d8       1%          1
b - Animate Skeleton      Necr           48%        N/A       1%          1
c - Vampiric Draining     Necr           12%        2d7       4%          3

Your spell library contained the following spells:

 Spells                   Type           Power      Damage    Failure   Level
 Animate Dead             Necr           12%        N/A       14%         4
 Agony                    Necr           24%        N/A       36%         5


Dungeon Overview and Level Annotations

Branches:
Dungeon (3/15)              Sewer (1/1)

Altars:
Ashenzari
Wu Jian

Annotations:
D:2 Sigmund


Innate Abilities, Weirdness & Mutations

Your natural rate of healing is accelerated.
You have razor-sharp teeth.
You have supernaturally acute eyesight. (SInv)
You are afflicted with vampirism and can become a bat while bloodless.


Message History

Press: ? - help, Shift-Dir - straight line, f/p - river rat
Aim: a river rat (heavily wounded, chance to affect: 88%)
The river rat writhes in agony!
You kill the river rat!
The river rat barely misses you.
You see here a river rat corpse.
There is a gate leading back out of this place here.
You hit the river rat but do no damage. The river rat barely misses you.
You hit the river rat but do no damage. The river rat misses you.
Casting: Pain (safe; 1% risk of failure)
Confirm with . or Enter, or press ? or * to list all spells.
You attempt to give life to the dead...
Before your eyes, flesh is ripped from the corpse!
The dead are walking!
The river rat bites you! What are your orders? t - Shout!
Orders for allies: a - Attack new target. r - Retreat! s - Stop attacking. g - Guard the area. f - Follow me.
Anything else - Cancel.
Gang up on whom?
Press: ? - help, Dir - move target, f - rat
Aim: a rat (ally target) Attack!
The river rat closely misses you.
You hit the river rat but do no damage. The river rat barely misses you.
You completely miss the river rat.
The river rat bites you but does no damage.
You hit the river rat but do no damage. The river rat misses you.
Your river rat skeleton bites the rat.
You hit the river rat but do no damage. The river rat bites you.
Your river rat skeleton closely misses the rat.
You hit the river rat. Your bite misses the river rat.
The river rat is lightly wounded.
The river rat bites you.
* * * LOW HITPOINT WARNING * * *
You hit the river rat but do no damage. You bite the river rat.
The river rat is moderately wounded.
Your river rat skeleton barely misses the rat.
The river rat bites you!
You die...

###
#@#
#r#
#r#
#Z#
#∩#
#.#
#∩#
#.#
#.#


You could see a river rat, a rat (ally target) and a friendly river rat
skeleton.

Vanquished Creatures
  4 adders
  2 river rats (Sewer)
  A worm (D:2)
  An orc (D:2)
  3 endoplasms (D:2)
  2 giant cockroaches
  4 goblins
  3 hobgoblins
  3 jackals (D:1)
  4 kobolds
  4 quokkas
  6 ball pythons
  3 bats
  3 rats
43 creatures vanquished.

Vanquished Creatures (collateral kills)
  2 rats
2 creatures vanquished.

Grand Total: 45 creatures vanquished

Notes
Turn   | Place    | Note
-------+----------+-------------------------------------------
     0 | D:1      | hypoxyphilia the Vampire Necromancer began the quest for
                  | the Orb.
     0 | D:1      | Reached XP level 1. HP: 13/13 MP: 3/3
     2 | D:1      | Learned a level 1 spell: Animate Skeleton
   296 | D:1      | Reached XP level 2. HP: 18/19 MP: 3/5
   341 | D:1      | Reached skill level 5 in Necromancy
  1306 | D:2      | Gained mutation: You are afflicted with vampirism and can
                  | become a bat while bloodless. [Vampire growth]
  1306 | D:2      | Reached XP level 3. HP: 23/24 MP: 3/6
  1367 | D:2      | Found a faded altar of an unknown god.
  1496 | D:2      | Found a broken altar of Ashenzari.
  1609 | D:2      | Noticed Sigmund
  2280 | D:3      | Reached XP level 4. HP: 4/30 MP: 0/8
  2282 | D:3      | HP: 1/30 [poisoned by an adder]
  2377 | D:3      | Upgraded the game from 0.28-a0-726-g4a9143789a to
                  | 0.28-a0-730-g892d06dc2c
  2382 | D:3      | Learned a level 3 spell: Vampiric Draining
  2522 | D:3      | Noticed an ogre
  2558 | D:3      | Found an ornate altar of the Wu Jian Council.
  2750 | D:3      | Found a glowing drain.
  2760 | Sewer    | Entered a sewer
  2787 | Sewer    | Slain by a river rat

Illustrated notes

Levels and vault maps discovered:
D:1:      amcnicky_arrival_wind_blow, layout_basic
D:2:      layout_loops_ring, chequers_ecumenical_altar_simple, basic_altar,
          uniq_sigmund
D:3:      layout_loops_cross, lemuel_doored_altar, cheibrodos_sewer_entry_bend,
          chequers_serial_rivers_micro_c
Sewer:    sewer_kobolds

Skill      XL: |  1  2  3  4 |
---------------+-------------+-----
Necromancy     | 5 |  5.9
Spellcasting   | 3 |  3.0
Dodging        | |  2.2
Stealth        | |  3.0

Action                   |  1- 3 |  4- 6 || total
-------------------------+-------+-------++-------
Melee: Dagger            |     8 |    11 ||    19
       Bite              |     1 |     1 ||     2
 Cast: Pain              |    64 |    14 ||    78
       Animate Skeleton  |    11 |     7 ||    18
       Vampiric Draining |       |     2 ||     2
Armor: Robe              |     2 |     1 ||     3
Dodge: Dodged            |    11 |     8 ||    19

Table legend: (Time is in decaauts)
 A = Elapsed time spent in this place.
 B = Non-inter-level travel time spent in this place.
 C = Inter-level travel time spent in this place.
 D = Time resting spent in this place.
 E = Time spent auto-exploring this place.
 F = Levels seen in this place.
 G = Mean time per level.
                   A        B        C        D        E       F      G
               +--------+--------+--------+--------+--------+-----+--------+
         Total |   2793 |   2321 |    472 |    516 |    891 |   4 |  698.2 |
       Dungeon |   2766 |   2294 |    472 |    516 |    891 |   3 |  922.0 |
         Sewer |     26 |     26 |      0 |      0 |      0 |   1 |   26.0 |
               +--------+--------+--------+--------+--------+-----+--------+

Top non-repeatable levels by time:
     D:1: 1205 daAuts
     D:2: 1022 daAuts
     D:3: 539 daAuts
   Sewer: 26 daAuts
